 Dungeon Crawl Stone Soup version 0.31.0-32-g396128a36d (webtiles) character file.

Game seed: 14156617712674002800

17537 gohu the Thaumaturge (level 12, -8/93 HPs)
             Began as a Djinni Fire Elementalist on Mar 17, 2024.
             Was an Elder of Makhleb.
             Mangled by Agnes
             ... wielding a +2 lajatang of electrocution
              (13 damage)
             ... on level 14 of the Dungeon.
             The game lasted 00:36:29 (10933 turns).

gohu the Thaumaturge (Djinni Fire Elementalist)    Turns: 10933, Time: 00:36:29

Health: -8/93      AC:  8    Str:  9    XL:     12   Next: 83%
Gold:   422        EV: 14    Int: 21    God:    Makhleb [****..] SH: 12 Dex: 15

rFire   + + +        m - +1 whip "Tuicekia" {freeze, *Rage rF+ Will+ Str+2}
rCold   x . .        T - +2 kite shield
rNeg    . . .        U - +1 troll leather armour {Snorg}
rPois   ∞            Q - +1 hat
rElec   .            n - +0 cloak
rCorr   .            s - +0 pair of gloves
SInv    +            (boots unavailable)
Will    ++...        E - amulet of regeneration
Stlth   ++           f - ring of see invisible
HPRegen 1.95/turn    o - +5 ring of evasion
MPRegen 0.00/turn

%: random rage (20%), infuse magic (-9 HP)
@: flying
A: sickness immunity, fire resistance 2, cold vulnerability 1, float, innate
caster, HP casting, extra vitality 1
a: Renounce Religion, Minor Destruction, Lesser Servant of Makhleb, Major
Destruction


You were on level 14 of the Dungeon.
You worshipped Makhleb.
Makhleb was greatly pleased with you.
You visited 2 branches of the dungeon, and saw 13 of its levels.
You also visited: Bailey.

You collected 822 gold pieces.
You spent 400 gold pieces at shops.

Inventory:

Hand Weapons
 d - a +3 short sword of draining
 m - the +1 whip "Tuicekia" (weapon) {freeze, *Rage rF+ Will+ Str+2}
   (You found it on level 2 of the Dungeon)

   Str+2:     It affects your strength (+2).
   rF+:       It protects you from fire.
   Will+:     It increases your willpower.
   *Rage:     It berserks you when you make melee attacks (+20% chance).
Armour
 a - a +0 robe
 n - a +0 cloak (worn)
 s - a +0 pair of gloves (worn)
 t - a +0 hat
 w - a +0 kite shield
 J - +0 acid dragon scales
 L - +0 steam dragon scales
 O - a +1 buckler of poison resistance
 P - a +3 leather armour of fire resistance
 Q - a +1 hat (worn)
 T - a +2 kite shield (worn)
 U - a +1 troll leather armour (worn) {Snorg}
Magical Staves
 p - a staff of alchemy
Jewellery
 f - a ring of see invisible (left hand)
 o - a +5 ring of evasion (right hand)
 v - a ring of positive energy
 A - a ring of protection from cold
 B - a ring of ice
 E - an amulet of regeneration (around neck)
 H - a +6 ring of strength
 I - an amulet of the acrobat
 K - a ring of wizardry
 V - an amulet of reflection
Wands
 g - a wand of polymorph (3)
 u - a wand of mindburst (10)
 M - a wand of charming (6)
Scrolls
 c - a scroll of revelation
 e - 2 scrolls of summoning {unknown}
 h - 2 scrolls of enchant weapon
 j - 3 scrolls of blinking {unknown}
 k - 5 scrolls of immolation
 q - 5 scrolls of teleportation {unknown}
 r - 3 scrolls of fear {unknown}
 y - a scroll of torment
 F - 2 scrolls of noise
 W - a scroll of identify
Potions
 b - 11 potions of degeneration
 i - 3 potions of enlightenment
 l - a potion of mutation
 x - 2 potions of heal wounds
 z - a potion of invisibility
 C - 2 potions of resistance
 D - a potion of cancellation
 G - a potion of attraction
 N - 3 potions of haste
 R - a potion of might
Miscellaneous
 S - a tin of tremorstones (2/2)


   Skills:
 * Level 10.6 Fighting
 - Level 5.9 Armour
 - Level 2.1 Dodging
 - Level 1.5 Stealth
 * Level 6.0 Shields
 + Level 11.4 Spellcasting
 + Level 11.4 Conjurations
 + Level 11.4 Hexes
 + Level 11.4 Summonings
 + Level 11.4 Necromancy
 + Level 11.4 Translocations
 + Level 11.4 Fire Magic
 + Level 11.4 Ice Magic
 + Level 11.4 Air Magic
 + Level 11.4 Earth Magic
 + Level 11.4 Alchemy
 + Level 5.1 Invocations


You knew the following spells:

 Your Spells              Type           Power      Damage    Failure   Level
a - Lee's Rapid Deconstr  Erth           28%        3d15*     8%          5
b - Scorch                Fire           100%       2d9       1%          2
c - Flame Wave            Conj/Fire      56%        2d13      2%          4
d - Foxfire               Conj/Fire      100%       2x1d9     1%          1
e - Volatile Blastmotes   Fire/Tloc      100%       2d18      1%          3
f - Sting                 Conj/Alch      100%       1d9       1%          1
g - Lesser Beckoning      Tloc           100%       N/A       1%          2
h - Fugue of the Fallen   Necr           56%        N/A       1%          3
i - Vhi's Electric Charg  Tloc/Air       100%       N/A       2%          4
j - Inner Flame           Hex/Fire       56%        N/A       1%          3
Your spell library was empty.

Dungeon Overview and Level Annotations

Branches:
Dungeon (11/15)            Temple (1/1) D:5            Lair (0/5) D:8
    Orc (0/2) D:10         Bailey (visited)

Altars:
Ashenzari
Cheibriados
Dithmenos
Elyvilon
Fedhas
Gozag
Hepliaklqana
Makhleb
Nemelex Xobeh
Okawaru
Qazlal
Ru
Trog
Uskayaw
Wu Jian
Xom
Yredelemnul
Zin
The Shining One

Shops:
D:2 :=   D:3 (   D:8 ?   D:10 :

Annotations:
D:14 Agnes


Innate Abilities, Weirdness & Mutations

You are immune to sickness and miasma.
You are immune to poison.
Your flesh is very heat resistant. (rF++)
You are vulnerable to cold. (rC-)
You float through the air rather than walking.
You learn spells naturally, not from books.
Your magical power is your life essence.
You have superior vitality. (+4 MHP)


Message History

A metal wall.
The metal wall shatters!
The blast of metal fragments hits the fire elemental!!
You destroy the fire elemental!
Makhleb accepts your kill.
You feel better.
You hear a bark!
You hear a shout!
Agnes the Wanderer comes into view.
She is wielding a +2 lajatang of electrocution and wearing a +2 robe of willpower.
Casting: Lee's Rapid Deconstruction (dangerous; 8% risk of failure)
Confirm with . or Enter, or press ? or * to list all spells.
You conjure some foxfire!
The foxfire hits Agnes.
Agnes is lightly wounded.
The foxfire hits Agnes!
Agnes is lightly wounded.
Casting: Foxfire (safe; 1% risk of failure)
Confirm with . or Enter, or press ? or * to list all spells.
Aiming: Lee's Rapid Deconstruction (dangerous; 8% risk of failure)
Press: ? - help, Dir - move target A rock wall.
Okay, then.
Casting: Lee's Rapid Deconstruction (dangerous; 8% risk of failure)
Confirm with . or Enter, or press ? or * to list all spells.
Casting: Flame Wave (dangerous; 2% risk of failure)
Press: ? - help, Dir - look around, f - activate A wave of flame ripples out!
The flame wave engulfs Agnes!
Agnes is moderately wounded. (Press . to intensify the flame waves.) Agnes barely misses you.
Agnes hits you with a +2 lajatang of electrocution!!!
* * * LOW HITPOINT WARNING * * *
A wave of flame ripples out!
The flame wave engulfs Agnes!
Agnes is heavily wounded.
* * * LOW HITPOINT WARNING * * *
You hear a shout! x2
Agnes hits you with a +2 lajatang of electrocution!
* * * LOW HITPOINT WARNING * * *
You are electrocuted!
You die...
Agnes says, "May you follow the Path of Peace in your next life."

..........# #..#
..........# #..#
..........# #..#
.....c.).i# #..#
.......#.°#######..#
#....)c##......##..#
#....)# ##.........#
...... ##i..#...##
≈≈.... #@..###..#
[≈... #...# #.##
.≈... #...# ###
##.## ###


You could see Agnes.

Vanquished Creatures
  Snorg (D:11)
  Erica (D:11)
  2 two-headed ogres (D:9)
  A centaur warrior (D:14)
  An orc knight (Bailey)
  Pikel (D:7)
  A deep elf zephyrmancer (Bailey)
  Maurice (D:7)
  An unseen horror (D:11)
  A komodo dragon (D:10)
  Jeremiah (D:8)
  2 hornets
  Grinder (D:3)
  A wraith (D:9)
  22 yaks
  A shadow (D:10)
  2 vampires
  2 fire elementals (D:14)
  3 steam dragons
  Grum (D:10)
  3 vampire mosquitoes (D:10)
  An acid dragon (D:9)
  3 water moccasins (D:8)
  A swamp drake (D:10)
  15 orc warriors
  6 sky beasts
  An ice beast (D:7)
  6 centaurs
  4 wolves (D:10)
  A lemure (D:7)
  4 ogres
  2 kobold brigands
  4 bullfrogs
  A gnoll sergeant (D:11)
  3 scorpions (D:5)
  5 wights
  10 killer bees
  6 howler monkeys
  2 electric eels (D:10)
  A bombardier beetle (D:5)
  3 hounds
  7 orc priests
  A gnoll bouda (D:8)
  4 jellies
  Terence (D:3)
  2 sleepcaps (D:6)
  12 orc wizards
  An iguana (D:5)
  Robin (D:4)
  8 gnolls
  7 adders
  A shadow imp (D:6)
  A white imp (D:8)
  4 ufetubi
  4 dart slugs
  A ribbon worm (D:3)
  37 orcs
  5 bats
  10 endoplasms
  3 giant cockroaches
  12 goblins
  17 hobgoblins
  3 jackals (D:3)
  4 quokkas
  8 ball pythons
  6 frilled lizards
  9 kobolds
  3 rats
301 creatures vanquished.

Vanquished Creatures (collateral kills)
  8 foxfires (D:8)
8 creatures vanquished.

Vanquished Creatures (others)
  598 foxfires
598 creatures vanquished.

Grand Total: 907 creatures vanquished

Notes
Turn   | Place    | Note
-------+----------+-------------------------------------------
     0 | D:1      | gohu the Djinni Fire Elementalist began the quest for the
                  | Orb.
     0 | D:1      | gohu set off with the following spells memorised: Foxfire,
                  | Scorch, Volatile Blastmotes, Inner Flame, Flame Wave.
     0 | D:1      | Reached XP level 1. HP: 15/15 MP: 0/0
    88 | D:1      | Reached XP level 2. HP: 21/21 MP: 0/0
   363 | D:1      | Reached XP level 3. HP: 13/25 MP: 0/0
   363 | D:1      | Learned a level 1 spell: Sting
   855 | D:2      | Found Wanwus Pue's Jewellery Emporium.
   884 | D:2      | Reached XP level 4. HP: 28/31 MP: 0/0
   912 | D:2      | Found a faded altar of an unknown god.
   933 | D:2      | Identified the +1 whip "Tuicekia" {freeze, *Rage rF+ Will+
                  | Str+2}
  1079 | D:2      | Found Vuschut's Vocational Training.
  1728 | D:3      | Found Lileucli's Antique Weapon Shop.
  1892 | D:3      | Reached XP level 5. HP: 31/35 MP: 0/0
  1892 | D:3      | Learned a level 2 spell: Lesser Beckoning
  1946 | D:3      | Noticed Grinder
  1967 | D:3      | Killed Grinder
  1968 | D:3      | Reached skill level 5 in Spellcasting
  1968 | D:3      | Reached skill level 5 in Conjurations
  1968 | D:3      | Reached skill level 5 in Hexes
  1968 | D:3      | Reached skill level 5 in Summonings
  1968 | D:3      | Reached skill level 5 in Necromancy
  1968 | D:3      | Reached skill level 5 in Translocations
  1968 | D:3      | Reached skill level 5 in Fire Magic
  1968 | D:3      | Reached skill level 5 in Ice Magic
  1968 | D:3      | Reached skill level 5 in Air Magic
  1968 | D:3      | Reached skill level 5 in Earth Magic
  1968 | D:3      | Reached skill level 5 in Alchemy
  1968 | D:3      | Reached XP level 6. HP: 34/40 MP: 0/0
  2139 | D:3      | Noticed Terence
  2156 | D:3      | Killed Terence
  2342 | D:4      | Noticed Robin
  2806 | D:4      | Reached XP level 7. HP: 40/45 MP: 0/0
  2806 | D:4      | Learned a level 3 spell: Fugue of the Fallen
  2897 | D:4      | Killed Robin
  3184 | D:5      | Entered Level 5 of the Dungeon
  3337 | D:5      | Found a staircase to the Ecumenical Temple.
  3346 | Temple   | Entered the Ecumenical Temple
  3360 | Temple   | Became a worshipper of Makhleb the Destroyer
  4055 | D:5      | Reached XP level 8. HP: 44/50 MP: 0/0
  4724 | D:6      | Found a blossoming altar of Fedhas.
  4855 | D:6      | Reached XP level 9. HP: 50/55 MP: 0/0
  4855 | D:6      | Learned a level 4 spell: Vhi's Electric Charge
  5022 | D:6      | Reached * piety under Makhleb
  5400 | D:7      | Reached skill level 1 in Fighting
  5403 | D:7      | Noticed Maurice
  5406 | D:7      | Noticed Pikel
  5517 | D:7      | Killed Maurice
  5645 | D:7      | Killed Pikel
  5709 | D:7      | Reached skill level 5 in Fighting
  5717 | D:7      | Reached XP level 10. HP: 53/70 MP: 0/0
  5812 | D:7      | Found a snail-covered altar of Cheibriados.
  6122 | D:7      | Found a sacrificial altar of Ru.
  6300 | D:2      | Bought an amulet of regeneration for 390 gold pieces
  6452 | D:8      | Reached skill level 10 in Spellcasting
  6452 | D:8      | Reached skill level 10 in Conjurations
  6452 | D:8      | Reached skill level 10 in Hexes
  6452 | D:8      | Reached skill level 10 in Summonings
  6452 | D:8      | Reached skill level 10 in Necromancy
  6452 | D:8      | Reached skill level 10 in Translocations
  6452 | D:8      | Reached skill level 10 in Fire Magic
  6452 | D:8      | Reached skill level 10 in Ice Magic
  6452 | D:8      | Reached skill level 10 in Air Magic
  6452 | D:8      | Reached skill level 10 in Earth Magic
  6452 | D:8      | Reached skill level 10 in Alchemy
  6465 | D:8      | Noticed Jeremiah
  6540 | D:8      | Killed Jeremiah
  6827 | D:8      | Found a staircase to the Lair.
  6985 | D:8      | Found Nyisiz's Magic Scroll Shoppe.
  6993 | D:8      | Bought a scroll of noise for 10 gold pieces
  7066 | D:8      | Reached ** piety under Makhleb
  7081 | D:8      | Reached XP level 11. HP: 72/81 MP: 0/0
  7081 | D:8      | Learned a level 5 spell: Lee's Rapid Deconstruction
  7367 | D:8      | Reached skill level 1 in Shields
  8149 | D:9      | Found a hide-covered altar of Uskayaw.
  8165 | D:9      | Reached skill level 1 in Invocations
  8512 | D:9      | Found an ornate altar of the Wu Jian Council.
  8525 | D:9      | Noticed a two-headed ogre
  8528 | D:9      | Noticed a two-headed ogre
  8545 | D:9      | Killed a two-headed ogre
  8546 | D:9      | Reached skill level 1 in Armour
  8555 | D:9      | Killed a two-headed ogre
  8625 | D:9      | Identified the +0 plate armour of Contentment {Will++ Str-4
                  | Dex+3}
  9060 | D:10     | Entered Level 10 of the Dungeon
  9081 | D:10     | Found a flagged portal.
  9088 | Bailey   | Entered a bailey
  9154 | Bailey   | Reached *** piety under Makhleb
  9211 | Bailey   | Reached skill level 5 in Shields
  9230 | Bailey   | Noticed an orc knight
  9273 | Bailey   | Killed an orc knight
  9274 | Bailey   | Reached XP level 12. HP: 89/89 MP: 0/0
  9291 | Bailey   | Found a large runed translucent door.
  9291 | Bailey   | Found a large runed translucent door.
  9705 | D:10     | Found Sinlapna's Tiny Tomes.
  9786 | D:10     | Noticed Grum
  9796 | D:10     | Killed Grum
  9986 | D:10     | Reached skill level 5 in Armour
 10063 | D:10     | Found a staircase to the Orcish Mines.
 10500 | D:11     | Reached **** piety under Makhleb
 10503 | D:11     | Reached skill level 10 in Fighting
 10645 | D:11     | Noticed Snorg
 10656 | D:11     | Killed Snorg
 10725 | D:11     | Noticed Erica
 10741 | D:11     | Killed Erica
 10833 | D:11     | Identified the +4 quarterstaff "Onwaddung" {speed, *Noise
                  | rPois Int+3 Dex+8}
 10877 | D:11     | Reached skill level 5 in Invocations
 10895 | D:11     | You are sucked into a shaft and drop 3 floors!
 10917 | D:14     | Noticed a centaur warrior
 10923 | D:14     | Killed a centaur warrior
 10927 | D:14     | Noticed Agnes
 10933 | D:14     | Mangled by Agnes

Illustrated notes

Levels and vault maps discovered:
D:1:      nzn_arrival_depleted_hourglass, layout_rooms, minmay_misc_feat_chi,
          kennysheep_decorative_pillar, minmay_tromino_v7
D:2:      layout_basic, hellmonk_ecumenical_altar_blasted, serial_shops,
          nicolae_shop_behind_doors, nicolae_shop_vocational
D:3:      layout_basic, serial_shops, shop, uniq_grinder, uniq_terence
D:4:      layout_loops_ring, amcnicky_mini_pool_small, minmay_misc_feat_cross,
          minmay_misc_feat_plants, uniq_robin
D:5:      layout_cave_pods, minmay_temple_entry_antechambers,
          serial_park_tiny_pond, chequers_serial_rivers_large_a
D:6:      layout_loops_ring, overflow_temple_1_default
D:7:      layout_cave_pools, nicolae_ru_path_of_blood,
          overflow_temple_1_default, uniq_maurice, uniq_pikel
D:8:      layout_layer_cave, due_lair_maze_entry_diamond,
          serial_co_window_serial, co_window_cross_1, co_window_paths_a,
          co_window_corner_a, co_window_paths_a, co_window_of_opportunity_a,
          co_window_paths_a, co_window_cross_2, co_window_of_opportunity_b,
          co_window_broadway_a, co_window_corner_b, co_window_2corner,
          co_window_paths_e, co_window_4corner_b, glass_columns_a,
          glass_columns_a, glass_columns_a, glass_columns_a, serial_shops, shop,
          uniq_jeremiah
D:9:      layout_cave_pools, pdpol_wu_jian_five_deadly_venoms,
          mainiacjoe_overflow_cross_hatched, serial_bayou_lagoon_a,
          grunt_decor_clamped, hangedman_misty_isle
D:10:     layout_long_grid, erik_orc_1, enter_bailey_2, corexii_checkpoint,
          kennysheep_cross_bottleneck, nicolae_shop_i_like_small_books_too,
          uniq_grum
D:11:     layout_irregular_city, uniq_snorg, uniq_erica
D:14:     layout_cave_pools, hangedman_vaults_entry_quadrant_bands,
          nicolae_trove_entry_isolated, hangedman_decor_riveting, uniq_agnes,
          uniq_azrael
Temple:   bh_familiar_temple

Skill      XL: |  1  2  3  4  5  6  7  8  9 10 11 12 |
---------------+-------------------------------------+-----
Spellcasting   | 4 5 6 7 8 9 10 11 | 11.4
Conjurations   | 4 5 6 7 8 9 10 11 | 11.4
Hexes          | 4 5 6 7 8 9 10 11 | 11.4
Summonings     | 4 5 6 7 8 9 10 11 | 11.4
Necromancy     | 4 5 6 7 8 9 10 11 | 11.4
Translocations | 4 5 6 7 8 9 10 11 | 11.4
Fire Magic     | 4 5 6 7 8 9 10 11 | 11.4
Ice Magic      | 4 5 6 7 8 9 10 11 | 11.4
Air Magic      | 4 5 6 7 8 9 10 11 | 11.4
Earth Magic    | 4 5 6 7 8 9 10 11 | 11.4
Alchemy        | 4 5 6 7 8 9 10 11 | 11.4
Fighting       | 5 8 9 10 | 10.6
Shields        | 5 6 |  6.0
Invocations    | 3 5 |  5.1
Armour         | 3 5 |  5.9
Dodging        | |  2.1
Stealth        | |  1.5

Action                     |  1- 3 |  4- 6 |  7- 9 | 10-12 || total
---------------------------+-------+-------+-------+-------++-------
  Melee: Whip              |       |       |     2 |     2 ||     4
   Cast: Foxfire           |    53 |    79 |    67 |   150 ||   349
         Scorch            |     7 |     8 |    35 |    54 ||   104
         Volatile Blastmot |       |     5 |     8 |    76 ||    89
         Flame Wave        |       |       |    15 |    35 ||    50
         Lee's Rapid Decon |       |       |       |    59 ||    59
    Use: Scroll            |       |       |     8 |     4 ||    12
 Armour: Robe              |     7 |     8 |    35 |    41 ||    91
         Acid dragon scale |       |       |       |     7 ||     7
         Steam dragon scal |       |       |       |     3 ||     3
         Leather armour    |       |       |       |    26 ||    26
         Troll leather arm |       |       |       |     7 ||     7
  Dodge: Dodged            |    12 |    17 |    73 |    85 ||   187
  Block: Kite shield       |       |       |       |    29 ||    29
         Buckler           |       |       |       |     9 ||     9
